APP
ELIZABETHTON TWINS @ GREAT FALLS VOYAGERS
06/15/2045
 
TOP OF THE 1ST
Elizabethton Twins batting - Pitching for Great Falls Voyagers : LHP Juan Fuentes
Pitching: LHP Juan Fuentes
Batting: RHB Nick Phipps 0-0: Ground out 5-3 (Groundball, 5, EV 88.1 MPH)
Batting: LHB David Campbell 0-0: Called Strike
0-1: Ball
1-1: Fly out, F9 (Flyball, 9D, EV 98.1 MPH)
Batting: RHB Andrew Nicol 0-0: Ball
1-0: Ball
2-0: Ball
3-0: Called Strike
3-1: Base on Balls
Batting: SHB Dan Morataya 0-0: Ball
1-0: Called Strike
Andrew Nicol is caught stealing 2nd base 2-4
Top of the 1st over - 0 runs, 0 hits, 0 errors, 0 left on base; Elizabethton 0 - Great Falls 0
BOTTOM OF THE 1ST
Great Falls Voyagers batting - Pitching for Elizabethton Twins : LHP John Pedlar
Pitching: LHP John Pedlar
Batting: RHB Andy Cotton 0-0: Ball
1-0: Ball
2-0: Ball
3-0: Base on Balls
Batting: SHB Alfie Bungledorf 0-0: Ball
Andy Cotton steals 2nd base
1-0: Foul Ball, location: 2F
1-1: Called Strike
1-2: Strikes out swinging
Batting: RHB Mike Rosa 0-0: Ball
Passed Ball!
Andy Cotton to third
1-0: Ball
2-0: Called Strike
2-1: Called Strike
2-2: Ball
3-2: Strikes out swinging
Batting: RHB Duncan Collins 0-0: Called Strike
0-1: Foul Ball, location: 2F
0-2: 2-RUN HOME RUN (Flyball, 78XD, EV 104.4 MPH), Distance : 422 ft
Batting: LHB Evan Oliveri 0-0: Ball
1-0: Ball
2-0: Foul Ball, location: 2F
2-1: Ball
3-1: Called Strike
3-2: Foul Ball, location: 2F
3-2: Base on Balls
Batting: RHB Billy Grubbs 0-0: Ball
Evan Oliveri steals 2nd base
1-0: Reached on error, E3 (Groundball, 34S, EV 82.5 MPH)
Evan Oliveri to third
Pitching: RHP Jose Cotto
Batting: RHB David Rhodes 0-0: Foul Ball, location: 2F
0-1: Ball
1-1: Foul Ball, location: 2F
1-2: Strikes out swinging
Bottom of the 1st over - 2 runs, 1 hit, 1 error, 2 left on base; Elizabethton 0 - Great Falls 2
TOP OF THE 2ND
Elizabethton Twins batting - Pitching for Great Falls Voyagers : LHP Juan Fuentes
Batting: SHB Dan Morataya 0-0: Called Strike
0-1: Foul Ball, location: 2F
0-2: Ground out 6-3 (Groundball, 6, EV 105.6 MPH)
Batting: RHB Rick Kendall 0-0: Foul Ball, location: 2F
0-1: Ball
1-1: Foul Ball, location: 2F
1-2: Ball
2-2: Ground out 2-3 (Groundball, 2R, EV 65.0 MPH)
Batting: SHB Chris Hull 0-0: Ball
1-0: Called Strike
1-1: Swinging Strike
1-2: Ball
2-2: Ball
3-2: Foul Ball, location: 2F
3-2: Strikes out swinging
Top of the 2nd over - 0 runs, 0 hits, 0 errors, 0 left on base; Elizabethton 0 - Great Falls 2
BOTTOM OF THE 2ND
Great Falls Voyagers batting - Pitching for Elizabethton Twins : RHP Jose Cotto
Batting: SHB Ruben Velasco Jr. 0-0: Ball
1-0: Ball
2-0: Ball
3-0: Called Strike
3-1: Called Strike
3-2: Base on Balls
Batting: RHB Kasey Bland 0-0: Ball
1-0: Called Strike
1-1: Ground out 5-3 (Groundball, 56, EV 96.2 MPH)
Ruben Velasco Jr. to second
Batting: RHB Andy Cotton 0-0: Called Strike
0-1: Ball
1-1: Foul Ball, location: 2F
1-2: 2-RUN HOME RUN (Flyball, 9D, EV 98.1 MPH), Distance : 374 ft
Batting: SHB Alfie Bungledorf 0-0: Ball
1-0: Called Strike
1-1: Ball
2-1: Swinging Strike
2-2: Ball
3-2: Foul Ball, location: 2F
3-2: Foul Ball, location: 2F
3-2: Base on Balls
Batting: RHB Mike Rosa 0-0: Swinging Strike
0-1: Foul Ball, location: 2F
0-2: Ball
1-2: Ground out 6-3 (Groundball, 6S, EV 70.0 MPH)
Alfie Bungledorf to second
Batting: RHB Duncan Collins 0-0: Called Strike
0-1: Called Strike
0-2: Ball
1-2: Fly out, F8 (Flyball, 8LM, EV 79.4 MPH)
Bottom of the 2nd over - 2 runs, 1 hit, 0 errors, 1 left on base; Elizabethton 0 - Great Falls 4
TOP OF THE 3RD
Elizabethton Twins batting - Pitching for Great Falls Voyagers : LHP Juan Fuentes
Batting: RHB Andrew Rich 0-0: Foul Ball, location: 2F
0-1: Ground out 4-3 (Groundball, 4, EV 85.0 MPH)
Batting: RHB Jon Hice 0-0: Swinging Strike
0-1: Swinging Strike
0-2: Strikes out swinging
Batting: RHB Alex Belton 0-0: Ball
1-0: Foul Ball, location: 2F
1-1: Foul Ball, location: 2F
1-2: Ball
2-2: Foul Ball, location: 2F
2-2: Foul Ball, location: 2F
2-2: Foul Ball, location: 2F
2-2: Ball
3-2: Ground out 6-3 (Groundball, 6MS, EV 63.8 MPH)
Top of the 3rd over - 0 runs, 0 hits, 0 errors, 0 left on base; Elizabethton 0 - Great Falls 4
BOTTOM OF THE 3RD
Great Falls Voyagers batting - Pitching for Elizabethton Twins : RHP Jose Cotto
Batting: LHB Evan Oliveri 0-0: Ball
1-0: Ball
2-0: Ball
3-0: Base on Balls
Batting: RHB Billy Grubbs 0-0: Called Strike
Evan Oliveri steals 2nd base
0-1: Ball
1-1: Fly out, F9 (Flyball, 9S, EV 85.6 MPH)
Batting: RHB David Rhodes 0-0: SINGLE (Flyball, 56D, EV 90.6 MPH)
Evan Oliveri to third
Pitching: RHP Edwin Sanchez
Batting: SHB Ruben Velasco Jr. 0-0: Ball
1-0: Ball
2-0: Called Strike
2-1: Called Strike
2-2: Foul Ball, location: 2F
2-2: Ball
3-2: Fielders Choice at 2nd, 3-6 (Groundball, 3, EV 103.1 MPH)
Evan Oliveri scores
Batting: RHB Kasey Bland 0-0: Called Strike
0-1: Fielders Choice at 2nd, 6-4 (Groundball, 6, EV 103.1 MPH)
Bottom of the 3rd over - 1 run, 1 hit, 0 errors, 1 left on base; Elizabethton 0 - Great Falls 5
TOP OF THE 4TH
Elizabethton Twins batting - Pitching for Great Falls Voyagers : LHP Juan Fuentes
Batting: RHB Nick Phipps 0-0: Called Strike
0-1: Swinging Strike
0-2: Ball
1-2: Ball
2-2: Ball
3-2: Foul Ball, location: 2F
3-2: Base on Balls
Batting: LHB David Campbell 0-0: Ball
1-0: Called Strike
1-1: Fly out, F8 (Line Drive, 8RD, EV 93.8 MPH)
Batting: RHB Andrew Nicol 0-0: Called Strike
0-1: Ball
1-1: Foul Ball, location: 2F
1-2: Fielders Choice at 2nd, 6-4 (Groundball, 6, EV 103.1 MPH)
Batting: SHB Dan Morataya 0-0: Ball
Andrew Nicol is caught stealing 2nd base 2-4
Top of the 4th over - 0 runs, 0 hits, 0 errors, 0 left on base; Elizabethton 0 - Great Falls 5
BOTTOM OF THE 4TH
Great Falls Voyagers batting - Pitching for Elizabethton Twins : RHP Edwin Sanchez
Batting: RHB Andy Cotton 0-0: Ball
1-0: Swinging Strike
1-1: Swinging Strike
1-2: Ball
2-2: Foul Ball, location: 2F
2-2: Ground out 6-3 (Groundball, 6S, EV 70.0 MPH)
Batting: SHB Alfie Bungledorf 0-0: DOUBLE (Line Drive, 7D, EV 96.9 MPH)
Batting: RHB Mike Rosa 0-0: Called Strike
0-1: Hit by Pitch
Batting: RHB Duncan Collins 0-0: Ball
Alfie Bungledorf steals 3rd base
Mike Rosa to second
1-0: SINGLE (Groundball, 56D, EV 108.1 MPH) (infield hit)
Alfie Bungledorf scores
Mike Rosa to third
Batting: LHB Evan Oliveri 0-0: Swinging Strike
0-1: Foul Ball, location: 2F
0-2: Ball
1-2: Ball
2-2: Ball
3-2: Base on Balls
Duncan Collins to second
Batting: RHB Billy Grubbs 0-0: Ball
1-0: Ball
2-0: Fly out, F9 (Flyball, 89M, EV 85.6 MPH)
Batting: RHB David Rhodes 0-0: SINGLE (Groundball, 5, EV 101.9 MPH)
Mike Rosa scores
Duncan Collins to third
Evan Oliveri to second
Runner from 3rd tries for Home, SAFE, throw by LF to home
Batting: SHB Ruben Velasco Jr. 0-0: Ball
1-0: Ball
2-0: Ball
3-0: Swinging Strike
3-1: Base on Balls
Evan Oliveri to third
David Rhodes to second
Batting: RHB Kasey Bland 0-0: Swinging Strike
0-1: Ball
1-1: Ball
2-1: Fly out, F8 (Flyball, 8LM, EV 92.5 MPH)
Bottom of the 4th over - 3 runs, 3 hits, 0 errors, 3 left on base; Elizabethton 0 - Great Falls 8
TOP OF THE 5TH
Elizabethton Twins batting - Pitching for Great Falls Voyagers : LHP Juan Fuentes
Batting: SHB Dan Morataya 0-0: Swinging Strike
0-1: Ball
1-1: Ball
2-1: Foul Ball, location: 2F
2-2: Foul Ball, location: 2F
2-2: Strikes out looking
Batting: RHB Rick Kendall 0-0: Ball
1-0: Called Strike
1-1: Called Strike
1-2: Reached via error on a dropped throw from SS, E3 (Groundball, 6, EV 86.9 MPH)
Batting: SHB Chris Hull 0-0: Fly out, F7 (Flyball, 78S, EV 85.6 MPH)
Batting: RHB Andrew Rich 0-0: Hit by Pitch
Rick Kendall to second
Batting: RHB Jon Hice 0-0: Ball
1-0: Called Strike
1-1: Foul Ball, location: 2F
1-2: Ball
2-2: DOUBLE (Line Drive, 89D, EV 99.4 MPH)
Rick Kendall scores
Andrew Rich to third
Batting: RHB Alex Belton 0-0: Ball
1-0: DOUBLE (Line Drive, 7LD, EV 106.9 MPH)
Andrew Rich scores
Jon Hice scores
Batting: RHB Nick Phipps 0-0: Called Strike
0-1: SINGLE (Line Drive, 9S, EV 88.1 MPH)
Alex Belton to third
Runner from 3rd tries for Home, SAFE, throw by RF to home
Nick Phipps to second
Pitching: RHP Ivan Gaona
Batting: LHB David Campbell 0-0: Ball
1-0: Called Strike
1-1: Swinging Strike
1-2: Ball
2-2: Foul Ball, location: 2F
2-2: Foul Ball, location: 2F
2-2: DOUBLE (Flyball, 78XD, EV 107.5 MPH)
Nick Phipps scores
Batting: RHB Andrew Nicol 0-0: Ball
1-0: Ball
2-0: Called Strike
2-1: Foul Ball, location: 2F
2-2: Fly out, F4 (Popup, 4M, EV 55.0 MPH)
Top of the 5th over - 5 runs, 4 hits, 1 error, 1 left on base; Elizabethton 5 - Great Falls 8
BOTTOM OF THE 5TH
Great Falls Voyagers batting - Pitching for Elizabethton Twins : RHP Edwin Sanchez
Pitching: LHP Stefano Traversoni
Batting: RHB Andy Cotton 0-0: Ball
1-0: Ball
2-0: Foul Ball, location: 2F
2-1: Ball
3-1: Base on Balls
Batting: SHB Alfie Bungledorf 0-0: DOUBLE (Groundball, 5L, EV 106.9 MPH)
Andy Cotton to third
Runner from 3rd tries for Home, SAFE, throw by LF to home
Batting: RHB Mike Rosa 0-0: Foul Ball, location: 2F
0-1: Hit by Pitch
Batting: RHB Duncan Collins 0-0: Ball
1-0: Foul Ball, location: 2F
1-1: Ball
2-1: Foul Ball, location: 2F
2-2: Ball
3-2: 3-RUN HOME RUN (Flyball, 78XD, EV 109.4 MPH), Distance : 418 ft
Pitching: RHP Noah Davies
Batting: LHB Evan Oliveri 0-0: Ball
1-0: DOUBLE (Flyball, 89D, EV 108.8 MPH)
Batting: RHB Billy Grubbs 0-0: 2-RUN HOME RUN (Flyball, 7D, EV 101.2 MPH), Distance : 397 ft
Batting: RHB David Rhodes 0-0: Ball
1-0: Swinging Strike
1-1: SINGLE (Groundball, 56D, EV 102.5 MPH)
Batting: SHB Ruben Velasco Jr. 0-0: Ball
1-0: Foul Ball, location: 2F
1-1: Foul Ball, location: 2F
1-2: Fly out, F7 (Flyball, 7D, EV 100.6 MPH)
Batting: RHB Kasey Bland 0-0: Called Strike
0-1: Fly out, F4 (Popup, 34S, EV 65.6 MPH)
Batting: RHB Andy Cotton 0-0: Fielders Choice at 2nd, 6-4 (Groundball, 6D, EV 80.0 MPH)
Bottom of the 5th over - 6 runs, 5 hits, 0 errors, 1 left on base; Elizabethton 5 - Great Falls 14
TOP OF THE 6TH
Elizabethton Twins batting - Pitching for Great Falls Voyagers : RHP Ivan Gaona
Batting: SHB Dan Morataya 0-0: Foul Ball, location: 2F
0-1: Ball
1-1: Swinging Strike
1-2: Foul Ball, location: 2F
1-2: Ball
2-2: Foul Ball, location: 2F
2-2: Ball
3-2: Ground out 4-3 (Groundball, 34D, EV 103.8 MPH)
Batting: RHB Rick Kendall 0-0: Ground out U3 (Groundball, 3, EV 83.1 MPH)
Batting: SHB Chris Hull 0-0: Swinging Strike
0-1: Ball
1-1: Ball
2-1: Called Strike
2-2: Strikes out swinging
Top of the 6th over - 0 runs, 0 hits, 0 errors, 0 left on base; Elizabethton 5 - Great Falls 14
BOTTOM OF THE 6TH
Great Falls Voyagers batting - Pitching for Elizabethton Twins : RHP Noah Davies
Batting: SHB Alfie Bungledorf 0-0: Ball
1-0: Ball
2-0: Called Strike
2-1: Fly out, F9 (Flyball, 9LD, EV 95.0 MPH)
Batting: RHB Mike Rosa 0-0: SINGLE (Groundball, 25, EV 71.9 MPH) (infield hit)
Pitching: RHP Jorge Corte
Batting: RHB Duncan Collins 0-0: Foul Ball, location: 2F
0-1: Foul Ball, location: 2F
0-2: Ball
1-2: Foul Ball, location: 2F
1-2: Ball
2-2: Ball
3-2: Base on Balls
Mike Rosa to second
Batting: LHB Evan Oliveri 0-0: Called Strike
0-1: Swinging Strike
0-2: Strikes out swinging
Batting: RHB Billy Grubbs 0-0: Ball
1-0: Foul Ball, location: 2F
1-1: Foul Ball, location: 2F
1-2: DOUBLE (Groundball, 5L, EV 104.4 MPH)
Mike Rosa scores
Duncan Collins to third
Runner from 3rd tries for Home, SAFE, throw by LF to home
Batting: RHB David Rhodes 0-0: Ball
1-0: Fly out, F8 (Line Drive, 8RM, EV 99.4 MPH)
Bottom of the 6th over - 2 runs, 2 hits, 0 errors, 1 left on base; Elizabethton 5 - Great Falls 16
TOP OF THE 7TH
Elizabethton Twins batting - Pitching for Great Falls Voyagers : RHP Ivan Gaona
Batting: RHB Andrew Rich 0-0: Called Strike
0-1: Ball
1-1: Ball
2-1: Foul Ball, location: 2F
2-2: Ball
3-2: Foul Ball, location: 2F
3-2: Base on Balls
Pitching: LHP Miguel Moreno
Batting: RHB Jon Hice 0-0: Called Strike
0-1: Foul Ball, location: 2F
0-2: SINGLE (Groundball, 4S, EV 65.6 MPH) (infield hit)
Andrew Rich to second
Batting: RHB Alex Belton 0-0: Ball
1-0: Foul Ball, location: 2F
1-1: Ball
2-1: Reached via error on a dropped throw from 2B, E6 (Groundball, 4, EV 100.0 MPH)
Andrew Rich to third
Jon Hice to second
Batting: RHB Nick Phipps 0-0: Ball
1-0: Ball
2-0: Called Strike
2-1: Swinging Strike
2-2: Ball
3-2: Base on Balls
Andrew Rich scores
Jon Hice to third
Alex Belton to second
Pinch Hitting: RHB Miguel Cardona 0-0: Called Strike
0-1: Ball
1-1: Ball
2-1: Fly out, F9 (Flyball, 9, EV 81.2 MPH)
Batting: RHB Andrew Nicol 0-0: Called Strike
0-1: Ball
1-1: Swinging Strike
1-2: Grounds into fielders choice 1-2 (Groundball, 15S, EV 65.6 MPH)
Alex Belton to third
Nick Phipps to second
Batting: SHB Dan Morataya 0-0: GRAND SLAM HOME RUN (Flyball, 9D, EV 97.5 MPH), Distance : 383 ft
Pitching: LHP Fadeuka Aleev
Batting: RHB Rick Kendall 0-0: Ground out 4-3 (Groundball, 34, EV 103.1 MPH)
Top of the 7th over - 5 runs, 2 hits, 1 error, 0 left on base; Elizabethton 10 - Great Falls 16
BOTTOM OF THE 7TH
Great Falls Voyagers batting - Pitching for Elizabethton Twins : RHP Jorge Corte
Now at 1B: Diego Gutierres
Batting: SHB Ruben Velasco Jr. 0-0: Ball
1-0: Ball
2-0: Ball
3-0: Base on Balls
Batting: RHB Kasey Bland 0-0: Swinging Strike
0-1: Called Strike
0-2: Strikes out swinging
Batting: RHB Andy Cotton 0-0: Called Strike
0-1: Ball
1-1: SINGLE (Groundball, 15S, EV 67.5 MPH) (infield hit)
Ruben Velasco Jr. to second
Batting: SHB Alfie Bungledorf 0-0: Called Strike
0-1: Foul Ball, location: 2F
0-2: SINGLE (Line Drive, 9S, EV 90.6 MPH)
Ruben Velasco Jr. to third
Andy Cotton to second
Batting: RHB Mike Rosa 0-0: Ball
1-0: Ball
2-0: Called Strike
2-1: Fly out, F4 (Popup, 4S, EV 84.4 MPH)
Batting: RHB Duncan Collins 0-0: Foul Ball, location: 2F
0-1: Ball
Wild Pitch!
Ruben Velasco Jr. scores
Andy Cotton to third
Alfie Bungledorf to second
1-1: Ball
2-1: Ball
3-1: Base on Balls
Batting: LHB Evan Oliveri 0-0: Ball
1-0: Ball
2-0: Ball
3-0: Base on Balls
Andy Cotton scores
Alfie Bungledorf to third
Duncan Collins to second
Batting: RHB Billy Grubbs 0-0: SINGLE (Popup, 6D, EV 48.1 MPH)
Alfie Bungledorf scores
Duncan Collins to third
Evan Oliveri to second
Runner from 3rd tries for Home, SAFE, throw by SS to home
Pitching: RHP Chad Casey
Batting: RHB David Rhodes 0-0: Called Strike
0-1: Ball
1-1: Called Strike
1-2: Ball
2-2: Fielders Choice at 2nd, 6-4 (Groundball, 56, EV 89.4 MPH)
Bottom of the 7th over - 4 runs, 3 hits, 0 errors, 2 left on base; Elizabethton 10 - Great Falls 20
TOP OF THE 8TH
Elizabethton Twins batting - Pitching for Great Falls Voyagers : LHP Fadeuka Aleev
Batting: SHB Chris Hull 0-0: Ball
1-0: Ball
2-0: Ball
3-0: Called Strike
3-1: SINGLE (Flyball, 78S, EV 90.6 MPH)
Pinch Hitting: RHB Jimmy Mayville 0-0: Fly out, F7 (Flyball, 7LD, EV 105.6 MPH)
Batting: RHB Jon Hice 0-0: Called Strike
0-1: Foul Ball, location: 2F
0-2: Strikes out swinging
Batting: RHB Alex Belton 0-0: Ball
1-0: Foul Ball, location: 2F
1-1: Swinging Strike
1-2: Ball
2-2: Strikes out swinging
Top of the 8th over - 0 runs, 1 hit, 0 errors, 1 left on base; Elizabethton 10 - Great Falls 20
BOTTOM OF THE 8TH
Great Falls Voyagers batting - Pitching for Elizabethton Twins : RHP Chad Casey
Now at 3B: Jimmy Mayville
Batting: SHB Ruben Velasco Jr. 0-0: Ball
1-0: Called Strike
1-1: Swinging Strike
1-2: Ball
2-2: Ground out U3 (Groundball, 3, EV 88.1 MPH)
Batting: RHB Kasey Bland 0-0: Foul Ball, location: 2F
0-1: Ball
1-1: Ball
2-1: Swinging Strike
2-2: Fly out, F9 (Flyball, 9, EV 90.0 MPH)
Batting: RHB Andy Cotton 0-0: Foul Ball, location: 2F
0-1: Foul Ball, location: 2F
0-2: Ball
1-2: Foul Ball, location: 2F
1-2: Foul Ball, location: 2F
1-2: Ball
2-2: Fly out, F7 (Flyball, 7D, EV 105.6 MPH)
Bottom of the 8th over - 0 runs, 0 hits, 0 errors, 0 left on base; Elizabethton 10 - Great Falls 20
TOP OF THE 9TH
Elizabethton Twins batting - Pitching for Great Falls Voyagers : LHP Fadeuka Aleev
Batting: RHB Nick Phipps 0-0: Called Strike
0-1: Ball
1-1: Called Strike
1-2: Ball
2-2: Ground out 2-3 (Groundball, 2R, EV 65.6 MPH)
Pinch Hitting: RHB Keith Nix 0-0: Ball
1-0: Ball
2-0: Ball
3-0: Called Strike
3-1: Called Strike
3-2: Strikes out looking
Batting: RHB Andrew Nicol 0-0: Swinging Strike
0-1: Ball
1-1: Swinging Strike
1-2: Ball
2-2: Strikes out swinging
Top of the 9th over - 0 runs, 0 hits, 0 errors, 0 left on base; Elizabethton 10 - Great Falls 20
Wednesday, June 22nd , 2022 - OOTP Baseball 23.4 Build 64